Map: Daybreak LE (Void)

Players

BcriticalV

  • Race: Terran Terran
  • League: Platinum
  • Spawn Location: 7:00

Amix - Winner!

  • Race: Zerg Zerg
  • League: Platinum
  • Spawn Location: 1:00

VOD

Have the link to the VOD?

Description

Time

  • Played on: Dec. 21, 2016, 10:27 a.m.
  • Length: 5:37
Show
View Real Time Build Order
Export as new Build Order

BcriticalV Terran 

Build Orders:  

Get SALT Encoding   

  12  0:01  SCV  
  13  0:13  SCV  
  14  0:22  Supply Depot  
  14  0:25  SCV  
  15  0:30  Refinery  
  15  0:42  Refinery  
  15  0:43  SCV  
  16  0:55  SCV  
  17  0:58  Barracks  
  17  1:08  SCV  
  18  1:20  SCV  
  18  1:24  Supply Depot  
  19  1:32  SCV  
  19  1:44  SCV  
  20  1:47  Barracks Tech Lab, Factory  
  20  1:56  SCV  
  21  2:02  Barracks  
  21  2:07  Combat Shields  
  21  2:17  SCV  
  22  2:30  Factory Reactor  
  22  2:35  Starport  
  22  2:40  Marine  
  22  2:43  SCV  
  24  2:45  Supply Depot  
  24  2:50  Barracks Reactor  
  24  3:06  Widow Mine  
  24  3:07  Marine, Widow Mine  
  29  3:18  Orbital Command  
  29  3:25  Marine  
  30  3:35  Barracks Reactor, Medivac  
  32  3:55  Medivac  
  34  4:01  Marine x2  
  36  4:11  Widow Mine  
  38  4:19  Marine  
  39  4:26  Command Center  
  39  4:34  Supply Depot  
  39  4:49  Marine  
  39  4:50  Marine  
  39  4:51  Marine x2  
  38  4:55  Widow Mine  
  39  5:06  Marine  
  36  5:08  Marine x2  
  36  5:09  Marine  
Show
View Real Time Build Order
Export as new Build Order

Amix Zerg - Winner!

Build Orders: Hatch First 

Get SALT Encoding   

  12  0:01  Drone  
  13  0:08  Drone  
  14  0:17  Overlord  
  14  0:21  Extractor  
  14  0:24  Drone  
  15  0:35  Drone  
  15  0:37  Drone  
  17  0:50  Extractor  
  16  1:00  Drone  
  16  1:03  Hatchery  
  16  1:16  Spawning Pool  
  15  1:19  Drone  
  15  1:21  Drone  
  17  1:30  Drone  
  18  1:34  Drone  
  19  1:42  Overlord  
  19  1:51  Drone  
  20  2:02  Drone  
  20  2:03  Metabolic Boost  
  20  2:07  Queen  
  23  2:17  Queen  
  23  2:20  Drone  
  26  2:23  Drone  
  27  2:33  Drone x2  
  27  2:36  Drone  
  30  2:37  Zergling x2  
  31  2:47  Pneumatized Carapace  
  31  2:50  Drone x2  
  33  2:54  Queen  
  35  2:59  Zergling x2  
  35  3:01  Overlord  
  36  3:07  Evolution Chamber  
  36  3:09  Overlord  
  36  3:12  Zergling x2  
  36  3:19  Overlord  
  36  3:22  Zergling x4  
  36  3:23  Zergling x2  
  36  3:25  Zergling x2  
  40  3:27  Zergling x2  
  40  3:31  Overlord  
  41  3:34  Zergling x2  
  41  3:36  Zergling x2  
  43  3:46  Zergling x4  
  45  3:53  Zergling x6  
  48  4:13  Zergling x14  
  55  4:19  Zergling x2  
  55  4:23  Queen  
  58  4:24  Queen  
  58  4:27  Overlord  
  60  4:32  Overlord  
  50  5:04  Zergling x14  
Tags
 
Add a new tag
Caveats
  • Supply blocks, unpowered buildings, or Contaminate may cause inaccurate times.
  • Supply counts are checked every 10 seconds.